 Dungeon Crawl Stone Soup version 0.20.1-1-g8b1a95d (webtiles) character file.

84 Piramida the Cudgeler (level 4, -6/39 HPs)
             Began as a Hill Orc Fighter on Nov 3, 2017.
             Mangled by Natasha (8 damage)
             ... on level 2 of the Dungeon.
             The game lasted 00:04:29 (1250 turns).

Piramida the Cudgeler (Hill Orc Fighter)            Turns: 1250, Time: 00:04:30

Health: -6/39      AC:  6    Str: 19    XL:     4   Next: 46%
Magic:  4/4        EV:  7    Int:  8    God:
Gold:   91         SH:  9    Dex: 10    Spells: 3/3 levels left

rFire    . . .     SeeInvis .   a - +0 flail
rCold    . . .     Gourm    .   c - +0 shield
rNeg     . . .     Faith    .   b - +0 scale mail
rPois    .         Spirit   .   (no helmet)
rElec    .         Reflect  .   (no cloak)
rCorr    .         Harm     .   (no gloves)
MR       .....                  (no boots)
Stlth    ..........             h - amulet of rage
Regen    0.2/turn               (no ring)
MPRegen  0.1/turn               (no ring)

@: berserk cooldown, slowed, very slow
A: no striking features
a: Evoke Berserk Rage


You were on level 2 of the Dungeon.
You were not hungry.

You visited 1 branch of the dungeon, and saw 2 of its levels.

You collected 91 gold pieces.

Inventory:

Hand Weapons
 a - a +0 flail (weapon)
Armour
 b - a +0 scale mail (worn)
 c - a +0 shield (worn)
Jewellery
 h - an amulet of rage (around neck)
 n - a +3 ring of dexterity {unknown}
Scrolls
 g - a scroll of magic mapping {unknown}
 i - 2 scrolls of identify {unknown}
 j - 2 scrolls of teleportation {unknown}
Potions
 d - a potion of might
 e - a potion of heal wounds {unknown}
 k - a potion of brilliance {unknown}
 l - 2 potions of curing {unknown}
Comestibles
 f - 2 bread rations
 m - 2 royal jellies


   Skills:
 - Level 3.6 Fighting
 + Level 5.0 Maces & Flails
 - Level 3.2 Armour
 - Level 3.3 Shields


You had 3 spell levels left.
You didn't know any spells.

Dungeon Overview and Level Annotations

Branches:
Dungeon (2/15)

Altars:

Annotations:
D:2 Natasha


Message History

The shadow imp shouts, "Get thee gone, thou rank fen-sucked giglet!"
Something claws you but does no damage. You block the crimson imp's attack.
You block the shadow imp's attack.
You miss something. You block something's attack. The crimson imp hits you.
* * * LOW HITPOINT WARNING * * *
The shadow imp hits you.
* * * LOW HITPOINT WARNING * * *
Something claws you but does no damage. You block the crimson imp's attack.
You barely miss something.
The shadow imp hits you but does no damage.
Something claws you.
* * * LOW HITPOINT WARNING * * *
You block the crimson imp's attack. The shadow imp barely misses you.
Something claws you.
* * * LOW HITPOINT WARNING * * *
The crimson imp lashes its tail.
The crimson imp hits you but does no damage.
You barely miss something. The shadow imp completely misses you.
Something claws you!
You die...

# . #. ### #####. ..#
#.....# #.# ..... #.###
# #.###..#### #...####
#.....5@5.#######.#...#.
....#.##{...............
. # #.########..##.#.
........########....#..
...#.#.............#.##
.. ##.########.#.#.##
... ..# #.#)#.## .. ###
#.#..#.## . #.###.#.##


You could see a crimson imp and a shadow imp.

Vanquished Creatures
  Natasha (twice) (D:2)
  An adder (D:2)
  An ooze (D:1)
  A dart slug (D:1)
  A leopard gecko (D:1)
  6 bats
  A giant cockroach (D:1)
  2 hobgoblins (D:1)
  A ball python (D:1)
  5 frilled lizards
  2 goblins (D:1)
  2 rats (D:1)
25 creatures vanquished.

Notes
Turn   | Place    | Note
-------+----------+-------------------------------------------
     0 | D:1      | Piramida the Hill Orc Fighter began the quest for the Orb.
     0 | D:1      | Reached XP level 1. HP: 19/19 MP: 1/1
    90 | D:1      | Reached XP level 2. HP: 25/26 MP: 2/2
   143 | D:1      | Reached skill level 3 in Maces & Flails
   889 | D:2      | Reached XP level 3. HP: 29/31 MP: 3/3
  1129 | D:2      | Noticed Natasha
  1137 | D:2      | Killed Natasha
  1137 | D:2      | Reached skill level 4 in Maces & Flails
  1137 | D:2      | Reached XP level 4. HP: 39/39 MP: 4/4
  1185 | D:2      | Noticed Natasha
  1220 | D:2      | Killed Natasha
  1220 | D:2      | Reached skill level 5 in Maces & Flails
  1238 | D:2      | Noticed Natasha
  1250 | D:2      | Mangled by Natasha

Skill      XL: |  1  2  3  4 |
---------------+-------------+-----
Maces & Flails | 3 4 5 |  5.0
Fighting       | |  3.6
Armour         | |  3.2
Shields        | |  3.3

Action                   |  1- 3 |  4- 6 || total
-------------------------+-------+-------++-------
Melee: Flail             |    85 |    26 ||   111
 Abil: Evoke Berserk Rag |     1 |     1 ||     2
  Eat: Bread ration      |       |     1 ||     1
Armor: Scale mail        |    47 |    18 ||    65
Dodge: Dodged            |    29 |     9 ||    38
Block: Shield            |    57 |    13 ||    70
